Map: Blackpink LE

Players

Gemini

  • Race: Protoss Protoss
  • League: Grandmaster
  • Spawn Location: 7:00

A.I. 1 (Very Easy) - Winner!

  • Race: Terran Terran
  • Spawn Location: 1:00

VOD

https://www.youtube.com/watch?v=3ShlCoWc-jE

Description

Time

  • Played on: April 4, 2018, 11:25 a.m.
  • Length: 9:38
Show
View Real Time Build Order
Export as new Build Order

Gemini Protoss 

Build Orders: 1 Gate Expand, Colossus Rush 

Get SALT Encoding   

  12  0:00  Probe  
  13  0:13  Probe  
  14  0:19  Pylon  
  14  0:25  Probe  
  15  0:38  Probe (Chrono Boost)  
  15  0:39  Gateway  
  16  0:46  Probe (Chrono Boost)  
  16  0:47  Assimilator  
  17  0:52  Probe  
  18  1:04  Probe  
  19  1:16  Probe  
  20  1:22  Nexus  
  20  1:35  Cybernetics Core  
  20  1:37  Probe  
  20  1:39  Assimilator  
  21  1:48  Pylon  
  21  1:49  Probe  
  22  2:02  Probe  
  23  2:09  Adept (Chrono Boost)  
  23  2:11  Warp Gate  
  23  2:14  Probe  
  26  2:21  Robotics Facility  
  26  2:28  Probe (Chrono Boost)  
  27  2:31  Stalker  
  27  2:34  Probe (Chrono Boost)  
  30  2:43  Probe x2 (Chrono Boost)  
  32  2:50  Probe  
  33  2:52  Probe  
  34  3:01  Stalker  
  34  3:02  Probe  
  34  3:04  Probe  
  38  3:08  Observer (Chrono Boost)  
  39  3:15  Probe  
  39  3:16  Gateway  
  39  3:17  Gateway  
  39  3:19  Probe  
  41  3:22  Observer (Chrono Boost)  
  43  3:27  Probe  
  43  3:31  Probe  
  43  3:32  Pylon  
  44  3:40  Assimilator  
  44  3:42  Probe  
  44  3:43  Probe  
  44  3:46  Robotics Bay  
  46  3:54  Probe  
  48  3:55  Probe  
  48  3:58  Observer (Chrono Boost)  
  48  4:02  Assimilator  
  49  4:04  Pylon  
  49  4:06  Probe  
  49  4:07  Probe  
  51  4:11  Warp Prism (Chrono Boost)  
  51  4:14  Pylon  
  53  4:18  Probe  
  53  4:22  Probe  
  55  4:28  Pylon  
  55  4:30  Zealot x2, Sentry  
  55  4:31  Pylon, Shield Battery  
  61  4:32  Probe  
  61  4:35  Probe  
  63  4:44  Colossus (Chrono Boost)  
  63  4:45  Probe  
  70  4:59  Extended Thermal Lance  
  70  5:04  Pylon  
  70  5:18  Adept x3  
  70  5:20  Nexus  
  76  5:23  Pylon  
  76  5:27  Colossus (Chrono Boost)  
  76  5:34  Pylon  
  82  5:45  Gateway  
  82  5:46  Gateway  
  82  5:49  Gateway  
  82  6:01  Twilight Council  
  82  6:02  Pylon  
  82  6:10  Sentry  
  82  6:11  Colossus (Chrono Boost), Stalker x2  
  94  6:19  Probe x2  
  96  6:28  Forge  
  96  6:31  Blink (Chrono Boost)  
  96  6:32  Forge  
  96  6:34  Probe  
  96  6:35  Probe x2  
  99  6:46  Probe  
  99  6:47  Probe  
  101  6:48  Probe  
  102  6:57  Stalker x2  
  102  6:58  Sentry  
  102  6:59  Probe x2  
  102  7:00  Probe  
  111  7:02  Protoss Ground Weapons Level 1 (Chrono Boost), Protoss Ground Armor Level 1 (Chrono Boost)  
  111  7:11  Probe x2  
  111  7:12  Assimilator, Probe  
  111  7:13  Pylon  
  111  7:15  Assimilator  
  118  7:22  Immortal  
  118  7:23  Probe x2  
  118  7:24  Probe  
  121  7:30  Pylon  
  121  7:35  Probe x2  
  121  7:36  Probe  
  124  7:40  Pylon  
  124  7:47  Probe x2  
  124  7:48  Templar Archives  
  124  7:49  Probe  
  127  7:51  Pylon  
  127  7:52  Zealot, Stalker x2  
  127  7:57  Pylon  
  133  7:59  Probe x2  
  133  8:04  Immortal  
  139  8:16  Pylon, Psionic Storm  
  139  8:21  Zealot x2  
  139  8:22  Stalker x4  
  151  8:43  Gateway  
  151  8:44  High Templar, Gateway  
  151  8:45  High Templar x2, Gateway  
  157  8:52  Gateway  
  157  9:02  Zealot x3  
  163  9:06  Nexus  
  163  9:18  High Templar x2  
  163  9:20  Zealot  
  169  9:25  Pylon x2  
  169  9:28  Pylon  
  169  9:34  Gateway  
  169  9:36  Gateway  
Show
View Real Time Build Order
Export as new Build Order

A.I. 1 (Very Easy) Terran - Winner!

Build Orders: Reaper Expand 

Get SALT Encoding   

  12  0:00  SCV  
  13  0:13  SCV  
  14  0:19  Supply Depot  
  14  0:47  Barracks  
  14  1:07  Command Center  
  14  1:31  Supply Depot  
  14  1:35  Orbital Command  
  14  1:36  Marine, Refinery  
  15  1:48  Refinery  
  15  2:01  SCV  
  16  2:13  SCV  
  17  2:16  Reaper  
  17  2:19  SCV  
  19  2:26  SCV  
  20  2:33  SCV  
  21  2:40  SCV  
  21  2:42  Refinery  
  22  2:47  SCV  
  23  2:54  SCV  
  23  2:56  Marine  
  25  3:01  SCV  
  26  3:09  SCV  
  27  3:16  Factory, SCV  
  27  3:36  Marine  
  27  3:40  Refinery  
  27  3:41  SCV  
  29  3:48  SCV  
  30  3:55  SCV  
  31  4:02  SCV  
  32  4:04  Starport  
  32  4:06  Supply Depot  
  32  4:09  SCV  
  33  4:17  Reaper, SCV  
  35  4:24  SCV  
  36  4:31  SCV  
  37  4:38  SCV  
  37  4:42  Starport Tech Lab  
  38  4:46  SCV  
  38  4:49  Supply Depot, Barracks Tech Lab  
  39  4:53  SCV  
  40  5:00  SCV  
  40  5:01  Raven  
  43  5:07  Marine, SCV  
  45  5:14  SCV  
  46  5:21  SCV  
  47  5:29  SCV  
  48  5:38  Hellion  
  48  5:39  SCV  
  48  5:40  Supply Depot  
  50  5:44  Raven  
  52  5:55  SCV  
  52  6:06  Marine  
  53  6:35  Viking  
  55  7:04  SCV  
  55  7:16  Marauder  
  57  8:26  SCV  
Tags
 
Add a new tag
Caveats
  • Supply blocks, unpowered buildings, or Contaminate may cause inaccurate times.
  • Supply counts are checked every 10 seconds.